 Dungeon Crawl Stone Soup version 0.30-a0-800-g7c544603b3 (webtiles) character file.

Game seed: 12961253121033213305

90 cforsyth the Sneak (level 4, -1/28 HPs)
             Began as a Kobold Brigand on Feb 21, 2023.
             Slain by an orc priest
             ... wielding a +0 whip
              (6 damage)
             ... on level 2 of the Dungeon.
             The game lasted 00:04:21 (2158 turns).

cforsyth the Sneak (Kobold Brigand)                 Turns: 2158, Time: 00:04:21

Health: -1/28      AC:  3    Str:  8    XL:     4   Next: 85%
Magic:  4/4        EV: 15    Int: 12    God:
Gold:   174        SH:  0    Dex: 18    Spells: 3/3 levels left

rFire   . . .      SeeInvis .    a - +2 dagger
rCold   . . .      Faith    .    (no shield)
rNeg    . . .      Spirit   .    b - +0 robe
rPois   .          Reflect  .    (no helmet)
rElec   .          Harm     .    c - +0 cloak
rCorr   .          Rampage  .    (no gloves)
Will    .....                    (no boots)
Stlth   ++++                     (no amulet)
HPRegen 0.24/turn                h - ring of wizardry
MPRegen 0.09/turn                s - ring of flight

@: flying
A: small, no large weapons, nightstalker 3
a: no special abilities


You were on level 2 of the Dungeon.
You visited 1 branch of the dungeon, and saw 3 of its levels.

You collected 174 gold pieces.

Inventory:

Hand Weapons
 a - a +2 dagger (weapon)
Missiles
 d - 9 poisoned darts (quivered)
 e - 3 curare-tipped darts
 v - a throwing net
Armour
 b - a +0 robe (worn)
 c - a +0 cloak (worn)
Jewellery
 h - a ring of wizardry (left hand)
 s - a ring of flight (right hand)
Wands
 w - a wand of quicksilver (6)
Scrolls
 f - a scroll of poison {unknown}
 g - 4 scrolls of identify {unknown}
 j - a scroll of enchant armour {unknown}
 o - a scroll of blinking {unknown}
 q - 2 scrolls of vulnerability {unknown}
 r - a scroll of teleportation {unknown}
 x - a scroll of enchant weapon {unknown}
Potions
 i - a potion of berserk rage {unknown}
 k - a potion of invisibility {unknown}
 l - a potion of curing {unknown}
 m - a potion of brilliance {unknown}
 n - a potion of might {unknown}
 p - 2 potions of mutation {unknown}
 t - a potion of attraction {unknown}
 u - a potion of heal wounds {unknown}


   Skills:
 + Level 3.1 Fighting
 + Level 3.9 Short Blades
 - Level 2.1 Throwing
 + Level 2.6 Dodging
 + Level 6.1 Stealth


You had 3 spell levels left.
You didn't know any spells.
Your spell library contained the following spells:

 Spells                   Type           Power      Damage    Failure   Level
 Magic Dart               Conj           0%         1d3       13%         1
 Blink                    Tloc           0%         N/A       21%         2
 Searing Ray              Conj           0%         2d4       21%         2
 Ozocubu's Armour         Ice            0%         N/A       36%         3
 Fulminant Prism          Conj/Hex       0%         3d5       75%         4
 Leda's Liquefaction      Hex/Erth       0%         N/A       75%         4
 Manifold Assault         Tloc           0%         N/A       75%         4
 Lee's Rapid Deconstruct  Erth           0%         3d4*      97%         5
 Statue Form              Tmut/Erth      0%         N/A       100%        6
 Ozocubu's Refrigeration  Ice            0%         4d7       100%        7
 Storm Form               Tmut/Air       0%         N/A       100%        7


Dungeon Overview and Level Annotations

Branches:
Dungeon (3/15)

Altars:

Shops:
D:2 ([*?


Innate Abilities, Weirdness & Mutations

You are small and have problems with some larger weapons.
You are completely attuned to the shadows.


Message History

The orc completely misses you.
You hit the orc.
You kill the orc!
No target in view!
No target in view!
No target in view!
No target in view!
You start resting.
HP restored.
You fly downwards.
There is a stone staircase leading up here.
You fly upwards.
There is a stone staircase leading down here.
You fly downwards.
There is a stone staircase leading up here.
The orc priest hits you with a +0 whip.
You barely miss the orc priest. The orc priest hits you with a +0 whip.
You hit the orc priest.
The orc priest is lightly wounded.
You hit the orc priest.
The orc priest is heavily wounded.
You barely miss the orc priest.
You punch the orc priest, but do no damage.
The orc priest is heavily wounded.
The orc priest calls down the wrath of Beogh upon you.
Beogh smites you!
There is a stone staircase leading up here.
The orc priest hits you with a +0 whip.
* * * LOW HITPOINT WARNING * * *
You fly upwards.
There is a stone staircase leading down here.
You hit the orc priest.
The orc priest is heavily wounded.
The orc priest hits you with a +0 whip.
* * * LOW HITPOINT WARNING * * *
The orc barely misses you.
You hit the orc priest.
The orc priest is almost dead.
The orc priest hits you with a +0 whip.
You die...

##### ##...## ####.###.#
#........# #####
#.##.=...#########...#
#####.##......).........<#
##............####.###.[..#
..÷............o@#.###+#.###
..............##o#.##≈.#)..#
.....#.#####.###.#.#≈≈.###.#
....∩#.## #.# #.#.'..∩..'.#
........# #.# #.#.###.≈≈###
.....#..####.###.#.# #.≈.#
..........<......#.###'#.#
........#................#
.............##...#.######


You could see an orc priest and an orc.

Vanquished Creatures
  Ijyb (D:3)
  2 adders (D:2)
  A dart slug (D:2)
  An orc (D:2)
  3 ball pythons
  2 bats
  7 endoplasms
  A giant cockroach (D:3)
  3 goblins
  4 hobgoblins
  4 kobolds
  4 quokkas
  3 frilled lizards (D:3)
  5 rats
41 creatures vanquished.

Vanquished Creatures (others)
  4 plants (D:2)
  11 withered plants (D:2)
15 creatures vanquished.

Grand Total: 56 creatures vanquished

Notes
Turn   | Place    | Note
-------+----------+-------------------------------------------
     0 | D:1      | cforsyth the Kobold Brigand began the quest for the Orb.
     0 | D:1      | Reached XP level 1. HP: 12/12 MP: 1/1
   485 | D:1      | Reached XP level 2. HP: 17/18 MP: 2/2
   855 | D:2      | Found Fisses's Magic Scroll Shop.
   893 | D:2      | Found Yclubbu's General Store.
   920 | D:2      | Reached XP level 3. HP: 22/22 MP: 3/3
  1020 | D:2      | Found Komaun's Weapon Shoppe.
  1228 | D:2      | Found a faded altar of an unknown god.
  1259 | D:2      | Found Ufiemez's Antique Armour Boutique.
  1483 | D:2      | Reached XP level 4. HP: 27/27 MP: 4/4
  1896 | D:3      | Noticed Ijyb
  1900 | D:3      | Killed Ijyb
  1901 | D:3      | Reached skill level 6 in Stealth
  2158 | D:2      | Slain by an orc priest

Illustrated notes

Levels and vault maps discovered:
D:1:      minmay_arrival_up_and_down, layout_loops_cross
D:2:      layout_loops_ring, serial_shops, shop, nicolae_shop_hallway_plus,
          shop_fountains, nicolae_diamond_shop,
          shapermc_ecumenical_altar_flowoftime
D:3:      cheibrodos_pilgrimage, layout_rooms, uniq_ijyb

Skill      XL: |  1  2  3  4 |
---------------+-------------+-----
Short Blades   | 3 |  3.9
Dodging        | 2 |  2.6
Fighting       | 3 |  3.1
Stealth        | 6 |  6.1
Throwing       | |  2.1

Action                     |  1- 3 |  4- 6 || total
---------------------------+-------+-------++-------
  Melee: Dagger            |    48 |    70 ||   118
         Punch             |       |     2 ||     2
   Stab: Sleeping          |    16 |     6 ||    22
 Armour: Robe              |     6 |     9 ||    15
  Dodge: Dodged            |    20 |    29 ||    49

Table legend: (Time is in decaauts)
 A = Elapsed time spent in this place.
 B = Non-inter-level travel time spent in this place.
 C = Inter-level travel time spent in this place.
 D = Time resting spent in this place.
 E = Time spent auto-exploring this place.
 F = Levels seen in this place.
 G = Mean time per level.
                   A        B        C        D        E       F      G
               +--------+--------+--------+--------+--------+-----+--------+
         Total |   2139 |   2076 |     63 |     22 |   1707 |   3 |  713.0 |
       Dungeon |   2139 |   2076 |     63 |     22 |   1707 |   3 |  713.0 |
               +--------+--------+--------+--------+--------+-----+--------+

Top non-repeatable levels by time:
     D:1: 832 daAuts
     D:2: 781 daAuts
     D:3: 525 daAuts
